 Dungeon Crawl Stone Soup version 0.20-a0-551-gc8f91ca (webtiles) character file.

128 Devintownsend the Covered (level 4, -1/40 HPs)
             Began as a Minotaur Fighter on Feb 3, 2017.
             Slain by Crazy Yiuf
             ... wielding a +4 quarterstaff of chaos
              (12 damage)
             ... on level 2 of the Dungeon.
             The game lasted 00:04:55 (1798 turns).

Devintownsend the Covered (Minotaur Fighter)        Turns: 1798, Time: 00:04:56

Health: -1/40      AC:  7    Str: 27    XL:     4   Next: 87%
Magic:  3/3        EV:  8    Int:  5    God:
Gold:   66         SH: 10    Dex:  9    Spells: 3/3 levels left

rFire    + . .     SeeInvis .   a - +0 war axe
rCold    . . .     Gourm    .   e - +1 ring mail {rF+}
rNeg     . . .     Faith    .   c - +0 shield
rPois    .         Spirit   .   (helmet restricted)
rElec    .         Reflect  .   (no cloak)
rCorr    .         Harm     .   (no gloves)
MR       .....                  (no boots)
Stlth    ..........             (no amulet)
Regen    0.2/turn               (no ring)
                                (no ring)

@: mighty, lethally poisoned (-1 -> -2), slowed, very slow
A: retaliatory headbutt, horns 2
a: no special abilities


You were on level 2 of the Dungeon.
You were not hungry.

You visited 1 branch of the dungeon, and saw 2 of its levels.

You collected 66 gold pieces.

Inventory:

Hand Weapons
 a - a +0 war axe (weapon)
Armour
 b - a +0 scale mail
 c - a +0 shield (worn)
 e - a +1 ring mail of fire resistance (worn)
 m - a +0 plate armour
Jewellery
 r - an uncursed ring of protection from magic {unknown}
 v - an uncursed ring of protection from cold {unknown}
Scrolls
 g - a scroll of enchant weapon {unknown}
 h - a scroll of identify {unknown}
 i - a scroll of recharging {unknown}
 n - a scroll of fog {unknown}
 p - a scroll of teleportation {unknown}
 s - a scroll of immolation {unknown}
 w - 2 scrolls of remove curse {unknown}
Potions
 d - a potion of might
 j - a potion of heal wounds
 l - 2 potions of flight {unknown}
 o - a potion of cure mutation {unknown}
 q - a potion of degeneration {unknown}
 t - 2 potions of lignification {unknown}
 u - a potion of brilliance {unknown}
 x - a potion of ambrosia {unknown}
Comestibles
 f - 2 bread rations
 k - a meat ration


   Skills:
 + Level 4.2 Fighting
 + Level 4.2 Axes
 + Level 4.6 Armour
 - Level 0.7 Dodging
 - Level 4.3 Shields


You had 3 spell levels left.
You didn't know any spells.

Dungeon Overview and Level Annotations

Branches:
Dungeon (2/15)

Altars:

Annotations:
D:2 Crazy Yiuf


Innate Abilities, Weirdness & Mutations

You reflexively headbutt those who attack you in melee.
You have a pair of horns on your head.


Message History

Okay, then.
You feel very mighty all of a sudden.
You feel sick.
You open the door.
Crazy Yiuf the Enlightened comes into view.
He is wielding a quarterstaff of chaos.
Crazy Yiuf shouts!
Crazy Yiuf screams, "Key tortoise stair!"
Found a mace.
There is an open door here.
You barely miss Crazy Yiuf.
Crazy Yiuf hits you with a quarterstaff of chaos.
Your shield and ring mail prevent you from hitting Crazy Yiuf.
You feel sick.
Crazy Yiuf hits you with a quarterstaff of chaos!
* * * LOW HITPOINT WARNING * * *
You feel yourself slow down. You block Crazy Yiuf's attack.
You slash Crazy Yiuf!
Crazy Yiuf is almost dead.
Crazy Yiuf hits you with a quarterstaff of chaos!
You die...

.# #.###.##...#....###.#.##.## .#
#.....####.#........#.....#
.######........#...####.#.....#
......#.############ ####....###
..........# ###.#... .>###.#.#.#
#...#.## ..###.#...# ####
♣♣######.#. ....#.....# #)..#♣♣
♣♣..#.###.#. ....#.....#
#..g@.♣♣♣♣......##.#. ....#.#####
#...#♣..♣....÷..##.#. ....#...##
#### ♣♣♣.♣...##...... ....#....##
♣♣♣♣♣####.#.#. ....#.#...# #.#.#.
#...#.#.####################.#.#.
#.#.#.#....<#...........#.##.#.#.
............#.####...........#...
............#.####......#.######.


You could see Crazy Yiuf.

Vanquished Creatures
  Jessica (D:2)
  Ijyb (D:2)
  2 adders (D:2)
  A worm (D:2)
  2 dart slugs (D:1)
  3 leopard geckos
  3 ball pythons
  7 bats
  A giant cockroach (D:2)
  6 goblins
  4 hobgoblins
  A jackal (D:1)
  4 frilled lizards
  5 kobolds
  12 rats
53 creatures vanquished.

Notes
Turn   | Place    | Note
-------+----------+-------------------------------------------
     0 | D:1      | Devintownsend the Minotaur Fighter began the quest for the Orb.
     0 | D:1      | Reached XP level 1. HP: 19/19 MP: 0/0
   132 | D:1      | Reached XP level 2. HP: 22/27 MP: 1/1
   449 | D:1      | Reached XP level 3. HP: 33/33 MP: 2/2
   962 | D:2      | Noticed Jessica
   966 | D:2      | Killed Jessica
  1022 | D:2      | Reached XP level 4. HP: 38/40 MP: 3/3
  1072 | D:2      | Noticed Ijyb
  1078 | D:2      | Killed Ijyb
  1467 | D:2      | Found a runed door.
  1794 | D:2      | Noticed Crazy Yiuf
  1798 | D:2      | Slain by Crazy Yiuf

Vault maps used:
D:1:      nicolae_arrival_memento_mori, minmay_bisected
D:2:      first_bread, minmay_shallow_snake_nest, uniq_jessica, uniq_iyjb,
          uniq_crazy_yiuf_cottage

Skill      XL: |  1  2  3  4 |
---------------+-------------+-----
Shields        | 4 |  4.3
Armour         | 4 |  4.6
Axes           | 3 4 |  4.2
Fighting       | 4 |  4.2
Dodging        | |  0.7

Action                   |  1- 3 |  4- 6 || total
-------------------------+-------+-------++-------
Melee: War axe           |    79 |    43 ||   122
       Headbutt          |     9 |     5 ||    14
  Use: Potion            |       |     1 ||     1
  Eat: Chunk             |       |     3 ||     3
Armor: Ring mail         |    37 |    15 ||    52
Dodge: Dodged            |    38 |    12 ||    50
Block: Shield            |    47 |    18 ||    65
